 Dungeon Crawl Stone Soup version 0.19-a0-1058-g5566a1a (webtiles) character file.

100 Jmtri7 the Skirmisher (level 4, -8/34 HPs)
             Began as an Octopode Transmuter on Aug 2, 2016.
             Mangled by Quilel's ghost (12 damage)
             ... on level 3 of the Dungeon.
             The game lasted 00:06:06 (2818 turns).

Jmtri7 the Skirmisher (Octopode Transmuter)         Turns: 2818, Time: 00:06:06

Health: -8/34      AC:  1    Str: 10    XL:     4   Next: 74%
Magic:  7/7        EV: 13    Int: 15    God:
Gold:   141        SH:  0    Dex: 12    Spells: 1 memorised, 6 levels left

rFire  . . .     SeeInvis +       - Unarmed
rCold  . . .     Gourm    .     (no shield)
rNeg   . . .     Faith    .     (helmet restricted)
rPois  .         Spirit   .     (no amulet)
rElec  .         Dismiss  .     h - ring of see invisible
rCorr  .         Reflect  .     (no ring)
SustAt .         Harm     .     (no ring)
MR     .....                    (no ring)
Stlth  ++........               (no ring)
                                (no ring)
                                (no ring)
                                (no ring)

@: not resistant to hostile enchantments, unstealthy
A: almost no armour, amphibious, 8 rings, constrict 8, camouflage 1, gelatinous
body 1
a: no special abilities


You were on level 3 of the Dungeon.
You were not hungry.

You visited 1 branch of the dungeon, and saw 3 of its levels.

You collected 141 gold pieces.

Inventory:

Missiles
 a - 32 arrows
Jewellery
 h - a ring of see invisible (left tentacle)
 n - an uncursed ring of flight {unknown}
Scrolls
 d - 3 scrolls of remove curse {unknown}
 j - 5 scrolls of identify {unknown}
 m - a scroll of noise {unknown}
 o - a scroll of immolation {unknown}
 s - a scroll of blinking {unknown}
 u - a scroll of teleportation {unknown}
Potions
 e - 2 potions of degeneration {unknown}
 i - a potion of resistance {unknown}
 k - a potion of mutation {unknown}
 p - a potion of haste {unknown}
 q - a potion of lignification {unknown}
 t - a potion of curing {unknown}
 v - a potion of flight {unknown}
Books
 b - a book of Changes

   Spells                             Type                      Level
   a - Beastly Appendage              Transmutation                1
   b - Sticks to Snakes               Transmutation                2
   c - Spider Form                    Transmutation/Poison         3
   d - Ice Form                       Ice/Transmutation            4
   e - Blade Hands                    Transmutation                5
Comestibles
 c - 3 bread rations
 f - a meat ration
 g - a beef jerky
 l - a royal jelly
 r - a chunk of flesh


   Skills:
 + Level 4.4 Fighting
 - Level 2.0 Dodging
 - Level 3.0 Unarmed Combat
 - Level 2.0 Spellcasting
 - Level 2.0 Transmutations


You had 6 spell levels left.
You knew the following spells:

 Your Spells              Type           Power        Failure   Level  Hunger
a - Beastly Appendage     Tmut           #.....       12%         1    #......


Dungeon Overview and Level Annotations

Branches:
Dungeon (3/15)

Altars:
Ashenzari
Cheibriados
Ru
Xom
Yredelemnul
Zin

Annotations:
D:3 1 runed door, Grinder; Quilel's ghost, amateur DEEn


Innate Abilities, Weirdness & Mutations

You cannot wear most types of armour.
You are amphibious.
You can wear up to eight rings at the same time.
You can use your tentacles to constrict eight enemies at once.
Your skin changes colour to match your surroundings (Stealth+).
Your rubbery body absorbs attacks. (AC +1, EV +1)


Message History

Quilel's ghost gestures at you while chanting.
You are confused.
Quilel's ghost gestures at you while chanting.
You resist with significant effort.
You bump into the rock wall.
Quilel's ghost points at you and mumbles some strange words.
You resist with significant effort.
You bump into the rock wall.
Quilel's ghost hits you but does no damage.
You bump into the rock wall.
Quilel's ghost hits you.
* * * LOW HITPOINT WARNING * * *
You're too confused to move!
Quilel's ghost closely misses you.
You bump into the rock wall.
You feel less confused. Quilel's ghost hits you.
* * * LOW HITPOINT WARNING * * *
Quilel's ghost points at you and mumbles some strange words.
You fall asleep.
Quilel's ghost hits you!
You wake up.
You die...

##.###### ##))#).......## #.#
+)####......#.# #.# ###
##....##.. ##'## #######.#
##...## #.# ##.....## ####.#
##.......## ###### ##....#
.#.........####....########.#...#
.'.........'...W@................
.#.........####.......####.######
.##.......## ##..###.# #.#≈≈.≈#
##.....## #..# #.# #.##''##
##...## #....#.####..#≈≈#. ##'##
#.##.#......##≈≈## #.# #.#
.#.###..#≈≈≈≈# #.# #.# #.#
#..#≈≈≈≈# ##.## ..# #..##≈≈##


You could see Quilel's ghost.

Vanquished Creatures
  An adder (D:3)
  4 oozes (D:1)
  A worm (D:3)
  4 dart slugs
  4 giant geckos
  7 giant cockroaches
  2 gnoll zombies (D:2)
  9 hobgoblins
  A quokka (D:2)
  6 bats
  2 giant newts
  7 goblins
  3 kobolds
  6 rats
57 creatures vanquished.

Notes
Turn   | Place    | Note
-------+----------+-------------------------------------------
     0 | D:1      | Jmtri7 the Octopode Transmuter began the quest for the Orb.
     0 | D:1      | Reached XP level 1. HP: 13/13 MP: 3/3
   323 | D:1      | Reached skill level 2 in Fighting
   323 | D:1      | Reached XP level 2. HP: 17/19 MP: 5/5
   387 | D:1      | Reached XP level 3. HP: 11/25 MP: 6/6
   394 | D:1      | Reached skill level 3 in Fighting
  1266 | D:2      | Reached XP level 4. HP: 21/33 MP: 7/7
  1442 | D:2      | Found a glowing silver altar of Zin.
  1445 | D:2      | Found a shattered altar of Ashenzari.
  1448 | D:2      | Found a shimmering altar of Xom.
  1451 | D:2      | Found a sacrificial altar of Ru.
  1754 | D:2      | Found a basalt altar of Yredelemnul.
  1906 | D:3      | Noticed Grinder
  2112 | D:2      | Reached skill level 4 in Fighting
  2328 | D:3      | Found a snail-covered altar of Cheibriados.
  2611 | D:3      | Found a runed door.
  2729 | D:3      | Noticed Quilel's ghost (amateur DEEn)
  2818 | D:3      | Mangled by Quilel's ghost

Vault maps used:
D:1:      grunt_arrival_lava_bath, serial_bayou_pond_c, minmay_pentomino_t4
D:2:      grunt_temple_overflow_cloverleaf, lemuel_zombie_altar_yredelemnul
D:3:      kennysheep_slug_shrine, gup_sewer_entry_bowl, first_bread,
          uniq_grinder, uniq_crazy_yiuf_cottage

Skill      XL: |  1  2  3  4 |
---------------+-------------+-----
Fighting       | 2 3 4 |  4.4
Dodging        | |  2.0
Unarmed Combat | |  3.0
Spellcasting   | |  2.0
Transmutations | |  2.0

Action                   |  1- 3 |  4- 6 || total
-------------------------+-------+-------++-------
Melee: Unarmed           |    82 |    82 ||   164
       Constrict         |    14 |    20 ||    34
       Tentacles         |    16 |    10 ||    26
       Punch             |     2 |     2 ||     4
 Stab: Sleeping          |     6 |     6 ||    12
       Distracted        |     1 |     1 ||     2
  Eat: Chunk             |     1 |     5 ||     6
Armor: Skin              |     7 |     7 ||    14
Dodge: Dodged            |    47 |    38 ||    85
